 Dungeon Crawl Stone Soup version 0.27-a0-1184-ge86db4a01e (webtiles) character file.

Game seed: 11238490774248333523

55797 robertstho the Severer (level 14, -3/198 (207) HPs)
             Began as a Minotaur Berserker on May 18, 2021.
             Was a High Priest of Trog.
             Slain by an orc warlord
             ... wielding a +0 war axe
              (5 damage)
             ... on level 1 of the Orcish Mines.
             The game lasted 00:30:04 (22375 turns).

robertstho the Severer (Minotaur Berserker)        Turns: 22375, Time: 00:30:05

HP:   -3/198 (207)  AC: 15    Str: 29    XL:     14   Next: 39%
MP:   0/22          EV: 14    Int:  9    God:    Trog [*****.]
Gold: 731           SH:  0    Dex: 10    Spells: 13/13 levels left

rFire    + + .     SeeInvis .   G - +6 executioner's axe "Dragon's Doom" {drain, *Slow Fly rF+ Will++}
rCold    x . .     Faith    .   (shield currently unavailable)
rNeg     . . .     Spirit   +   t - +3 salamander hide armour {Flames rF++ rC--}
rPois    +         Reflect  .   (helmet restricted)
rElec    +         Harm     .   (no cloak)
rCorr    .         Rampage  .   e - +2 pair of gloves {Str+3}
Will     ++...                  g - +2 pair of boots
Stlth    ..........             E - amulet of guardian spirit
HPRegen  0.43/turn              L - ring of Iziob {Ice rElec rPois Will- Int+4}
MPRegen  0.18/turn              d - ring of magical power

@: berserking, flying, lightly drained, very quick
A: horns 2, retaliatory headbutt
a: Renounce Religion, Berserk, Trog's Hand, Brothers in Arms


You were on level 1 of the Orcish Mines.
You worshipped Trog.
Trog was extremely pleased with you.
You visited 3 branches of the dungeon, and saw 19 of its levels.
You also visited: Gauntlet and Ice Cave.

You collected 1302 gold pieces.
You spent 571 gold pieces at shops.

Inventory:

Hand Weapons
 i - a +3 war axe
 G - the +6 executioner's axe "Dragon's Doom" (weapon) {drain, *Slow Fly rF+ Will++}
   (You acquired it on level 6 of the Lair of Beasts)

   A truly terrible weapon, it drains the life of those it strikes.
   It protects you from fire.
   It grants you flight.
   It may slow you when you take damage.
   It greatly increases your willpower.
 H - a +0 scimitar of flaming
Missiles
 y - a throwing net
 C - 5 curare-tipped darts
 K - 6 atropa-tipped darts
Armour
 e - a +2 pair of gloves of strength (worn)
 g - a +2 pair of boots (worn)
 t - the +3 salamander hide armour (worn) {Flames rF++ rC--}
   (You found it on level 4 of the Dungeon)

   It surrounds you with a cloud of flames.
   It grants immunity to clouds of flame.
   It enhances your fire magic.
   It greatly protects you from fire.
   It makes you very vulnerable to cold.
 N - a +0 plate armour
Jewellery
 d - a ring of magical power (right hand)
 q - a ring of flight
 E - an amulet of guardian spirit (around neck)
 L - the ring of Iziob (left hand) {Ice rElec rPois Will- Int+4}
   (You found it in a Gauntlet)

   [ring of ice]

   It enhances your ice magic.
   It affects your intelligence (+4).
   It makes you vulnerable to fire.
   It protects you from cold.
   It insulates you from electricity.
   It protects you from poison.
   It decreases your willpower.
 P - a ring of resist corrosion
Wands
 v - a wand of digging (5)
 I - a wand of polymorph (15)
 M - a wand of acid (28)
 Q - a wand of charming (10)
Scrolls
 a - a scroll of acquirement
 b - 4 scrolls of fog
 k - 4 scrolls of blinking
 l - 10 scrolls of teleportation
 m - a scroll of enchant weapon
 n - 4 scrolls of fear
 o - 3 scrolls of enchant armour
 s - a scroll of holy word
 u - a scroll of magic mapping
 w - a scroll of immolation
 F - a scroll of summoning
Potions
 c - 5 potions of mutation {unknown}
 f - 8 potions of curing
 j - a potion of invisibility
 p - 4 potions of lignification
 r - a potion of ambrosia
 x - 2 potions of resistance
 z - 4 potions of might
 A - a potion of cancellation
 D - a potion of haste
 J - a potion of magic
 R - a potion of heal wounds
Miscellaneous
 h - a phantom mirror (inert)
 O - a tin of tremorstones (2/2)


   Skills:
 * Level 16.4 Fighting
 + Level 1.4 Long Blades
 + Level 17.6 Axes
 * Level 14.0 Armour
 + Level 8.8 Dodging
 + Level 2.3 Evocations


You had 13 spell levels left.
You didn't know any spells.
Your spell library was empty.

Dungeon Overview and Level Annotations

Branches:
Dungeon (12/15)            Temple (0/1) D:5            Lair (6/6) D:8
  Swamp (0/4) Lair:4       Spider (0/4) Lair:2        Slime (0/5) Lair:6
    Orc (1/2) D:10          IceCv (visited)         Gauntlet (visited)

Altars:
Dithmenos
Elyvilon
Fedhas
Gozag
Qazlal
Sif Muna
Trog
Uskayaw
Zin
Jiyva

Shops:
D:7 *?   D:9 [

Annotations:
Lair:6 1 runed translucent door


Innate Abilities, Weirdness & Mutations

You have a pair of horns on your head.
You reflexively headbutt those who attack you in melee.


Message History

An orc wizard comes into view. It is wielding a +0 dagger.
Unknown command.
The orc warlord blocks your attack.
The orc warlord is moderately wounded.
The orc warrior hits you from afar with a +0 glaive!!
* * * LOW HITPOINT WARNING * * *
The orc warrior closely misses you.
The orc warlord is engulfed in blazing flames.
The orc warlord hits you with a +0 war axe.
* * * LOW HITPOINT WARNING * * *
The orc sorcerer gestures wildly while chanting.
You hear a shout!
You slash the orc warlord! Your headbutt misses the orc warlord.
The orc warlord is moderately wounded.
You hear a shout!
The orc sorcerer shouts, "You can't withstand my power!"
The orc sorcerer mumbles some strange words.
The orc hits you from afar with a +3 trident of protection.
* * * LOW HITPOINT WARNING * * *
The orc warrior barely misses you.
The orc warlord is engulfed in blazing flames.
The orc warlord roars a battlecry!
The orc priest goes into a battle-frenzy!
The orc warrior hits you from afar with a +0 glaive.
* * * LOW HITPOINT WARNING * * *
The orc sorcerer casts a spell at you. The bolt of negative energy hits you!!
You feel drained.
* * * LOW HITPOINT WARNING * * *
You hit the orc warlord.
The orc warlord is heavily wounded.
The orc sorcerer gestures wildly while chanting.
The orc hits you from afar with a +3 trident of protection.
* * * LOW HITPOINT WARNING * * *
Unknown command.
Unknown command.
You slash the orc warlord! You drain the orc warlord.
The orc warlord is severely wounded.
The orc warlord is engulfed in blazing flames.
The orc warlord hits you with a +0 war axe.
You die...

.....>.....
##.........
#........#
#.<......##
#...4.4...#
##...353..#
#....oo5o4#
......###°°o#$.#
....### #@oo.# #
..... #☼☼o.#
..... #ooo##
..## oho..#
.o...# ..##.##
.. ## ...


You could see an orc warlord (drained), 2 hellwings, a neqoxec (summoned), a
ynoxinul (summoned), a chaos spawn (summoned), a warg, 2 orc sorcerers, 4 orc
warriors, an orc priest (strong), an orc wizard (strong), 4 orcs and 2 ufetubi.

Vanquished Creatures
  The ghost of leviel the Severer, a journeyman MiFi of Ru (Lair:2)
  2 minotaurs
  A green death (Gauntlet)
  A fire dragon (Lair:6)
  4 hydras
  2 boulder beetles
  A catoblepas (Lair:4)
  9 death yaks
  2 two-headed ogres
  Erica (D:8)
  Sonja (Lair:6)
  A lindwurm (Lair:6)
  An ugly thing (IceCv)
  An oklob plant (Lair:2)
  A manticore (D:12)
  3 cyclopes
  7 black mambas
  A centaur zombie (D:11)
  2 molten gargoyles (Lair:6)
  An orange demon (Gauntlet)
  A torpor snail (Lair:6)
  12 cane toads
  13 komodo dragons
  Psyche (D:9)
  3 unseen horrors
  6 rime drakes
  A kobold demonologist (D:12)
  2 polar bears
  4 trolls
  18 blink frogs
  A hornet (D:9)
  5 slime creatures
  2 dream sheep (Lair:6)
  8 flying skulls (Gauntlet)
  2 shadows
  A tarantella (Lair:2)
  2 wraiths
  Sigmund (D:6)
  2 wyverns
  23 yaks
  6 basilisks
  4 steam dragons
  4 vampire mosquitoes (D:12)
  An acid dragon (D:12)
  20 water moccasins
  3 hell hounds (Lair:6)
  3 orc warriors
  6 ice beasts (IceCv)
  2 black bears (D:8)
  2 necrophages
  3 ogres
  4 centaurs
  3 kobold brigands
  Blork the orc (D:5)
  12 bullfrogs
  A scorpion (D:5)
  A wyvern skeleton (D:7)
  A water moccasin skeleton (D:4)
  22 killer bees
  3 electric eels
  10 wights
  6 howler monkeys
  4 lava snakes (Lair:6)
  A bullfrog zombie (D:6)
  6 jellies
  4 orc priests
  A bullfrog skeleton (D:6)
  A gnoll shaman (D:8)
  4 hounds
  2 centaur skeletons (D:6)
  An iguana (D:4)
  8 orc wizards
  7 gnolls
  6 adders
  A howler monkey skeleton (D:7)
  2 shadow imps
  A white imp (D:8)
  4 ufetubi
  3 worms
  4 dart slugs
  25 orcs
  16 endoplasms
  A giant cockroach (D:3)
  3 goblins
  8 hobgoblins
  4 jackals (D:3)
  26 kobolds
  4 quokkas
  9 ball pythons
  2 bats
  5 frilled lizards
  5 rats
  A bush (Lair:2)
438 creatures vanquished.

Vanquished Creatures (collateral kills)
  Nessos (Lair:6)
1 creature vanquished.

Vanquished Creatures (others)
  A lava snake (Lair:6)
  159 fungi
  175 plants
  5 toadstools (D:4)
340 creatures vanquished.

Grand Total: 779 creatures vanquished

Notes
Turn   | Place    | Note
-------+----------+-------------------------------------------
     0 | D:1      | robertstho the Minotaur Berserker began the quest for the
                  | Orb.
     0 | D:1      | Reached XP level 1. HP: 19/19 MP: 0/0
   549 | D:1      | Reached XP level 2. HP: 21/27 MP: 1/1
   818 | D:1      | Reached skill level 4 in Axes
  1703 | D:2      | Reached XP level 3. HP: 17/34 MP: 2/2
  2095 | D:2      | Reached ** piety under Trog
  3102 | D:3      | Reached XP level 4. HP: 39/41 MP: 3/3
  3249 | D:3      | Reached skill level 5 in Fighting
  3705 | D:4      | Found a stormy altar of Qazlal.
  3705 | D:4      | Found a bloodstained altar of Trog.
  3710 | D:4      | Reached XP level 5. HP: 48/48 MP: 4/4
  3813 | D:4      | Reached skill level 5 in Axes
  3977 | D:4      | Noticed an ogre
  3984 | D:4      | Killed an ogre
  4164 | D:4      | Found a blossoming altar of Fedhas.
  4181 | D:4      | Reached XP level 6. HP: 53/56 MP: 5/5
  4198 | D:4      | Found the +3 salamander hide armour {Flames rF++ rC--}
  4247 | D:4      | Reached *** piety under Trog
  4266 | D:4      | Found a shadowy altar of Dithmenos.
  5104 | D:4      | Reached skill level 6 in Axes
  5264 | D:4      | Reached XP level 7. HP: 62/62 MP: 6/6
  5773 | D:5      | Entered Level 5 of the Dungeon
  5783 | D:5      | Reached skill level 5 in Armour
  5798 | D:5      | Identified the +1 robe of Dramatic Exits {rC+ rCorr Str+3}
  6104 | D:5      | Noticed Blork the orc
  6108 | D:5      | Killed Blork the orc
  6166 | D:5      | Found a staircase to the Ecumenical Temple.
  6367 | D:5      | Reached skill level 7 in Axes
  6720 | D:6      | Reached XP level 8. HP: 71/71 MP: 7/7
  6853 | D:6      | Noticed Sigmund
  6856 | D:6      | Killed Sigmund
  7198 | D:6      | Found a white marble altar of Elyvilon.
  7688 | D:7      | Reached skill level 8 in Axes
  7712 | D:7      | Reached skill level 5 in Dodging
  7713 | D:7      | Reached **** piety under Trog
  7823 | D:7      | Found Gasynt's General Store.
  7826 | D:7      | Bought a scroll of identify for 24 gold pieces
  7826 | D:7      | Bought a scroll of teleportation for 36 gold pieces
  7826 | D:7      | Bought a scroll of summoning for 114 gold pieces
  7826 | D:7      | Bought a potion of degeneration for 12 gold pieces
  8005 | D:7      | Reached XP level 9. HP: 74/81 MP: 8/8
  8243 | D:7      | Found Viete's Magic Scroll Shoppe.
  8248 | D:7      | Bought a scroll of identify for 28 gold pieces
  8248 | D:7      | Bought a scroll of identify for 28 gold pieces
  8248 | D:7      | Bought a scroll of identify for 28 gold pieces
  8248 | D:7      | Bought a scroll of identify for 28 gold pieces
  8248 | D:7      | Bought a scroll of fog for 28 gold pieces
  8248 | D:7      | Bought a scroll of identify for 28 gold pieces
  8490 | D:8      | Reached skill level 9 in Axes
  8744 | D:8      | Found a staircase to the Lair.
  8766 | D:8      | Reached skill level 10 in Axes
  9154 | D:8      | Noticed Erica
  9159 | D:8      | Killed Erica
  9160 | D:8      | Reached skill level 10 in Armour
  9160 | D:8      | Reached XP level 10. HP: 80/91 MP: 9/9
  9349 | D:8      | Found an opulent altar of Gozag.
  9586 | D:9      | Found a glowing silver altar of Zin.
  9784 | D:9      | Reached skill level 11 in Axes
  9822 | D:9      | Reached ***** piety under Trog
  9901 | D:9      | Noticed Psyche
  9905 | D:9      | Killed Psyche
  9906 | D:9      | Reached skill level 10 in Fighting
 10285 | D:9      | Found Peagubb's Antique Armour Shoppe.
 10293 | D:9      | Bought a pair of runed gloves for 217 gold pieces
 10327 | D:10     | Entered Level 10 of the Dungeon
 10405 | D:10     | Found a staircase to the Orcish Mines.
 10565 | D:10     | Found a viscous altar of Jiyva.
 10694 | D:10     | Noticed a two-headed ogre
 10697 | D:10     | Killed a two-headed ogre
 10698 | D:10     | Reached skill level 12 in Axes
 10698 | D:10     | Reached XP level 11. HP: 88/101 MP: 10/10
 11143 | D:10     | Found a shimmering blue altar of Sif Muna.
 11371 | D:11     | Noticed a +0 spear
 11371 | D:11     | Noticed a +0 falchion
 11372 | D:11     | Noticed a +0 spear
 11373 | D:11     | Noticed a +0 falchion
 11373 | D:11     | Noticed a +0 short sword
 11374 | D:11     | Noticed a +0 short sword
 11375 | D:11     | Noticed a +0 dagger
 11375 | D:11     | Noticed a +0 dagger
 11388 | D:11     | Found a hide-covered altar of Uskayaw.
 12068 | D:12     | Noticed a two-headed ogre
 12078 | D:12     | Killed a two-headed ogre
 12079 | D:12     | Reached skill level 13 in Axes
 12130 | D:12     | Received a gift from Trog
 12174 | D:12     | Found a frozen archway.
 12183 | IceCv    | Entered an ice cave
 12352 | IceCv    | Noticed a white ugly thing
 12361 | IceCv    | Killed a white ugly thing
 12362 | IceCv    | Reached skill level 14 in Axes
 12833 | D:12     | Noticed a boulder beetle
 12846 | D:12     | Killed a boulder beetle
 12847 | D:12     | Reached XP level 12. HP: 113/113 MP: 11/11
 13219 | Lair:1   | Entered Level 1 of the Lair of Beasts
 13637 | Lair:1   | Reached skill level 1 in Evocations
 14576 | Lair:2   | Noticed a minotaur
 14576 | Lair:2   | Noticed leviel's ghost (journeyman MiFi)
 14649 | Lair:2   | Found a hole to the Spider Nest.
 14869 | Lair:2   | Found a white marble altar of Elyvilon.
 15082 | Lair:2   | Found a runed translucent gate.
 15082 | Lair:2   | Found a runed translucent gate.
 15082 | Lair:2   | Found a runed translucent gate.
 15558 | Lair:2   | Killed a minotaur
 15559 | Lair:2   | Reached skill level 15 in Axes
 15567 | Lair:2   | Killed leviel's ghost
 15727 | Lair:3   | Noticed a death yak
 15736 | Lair:3   | Noticed a death yak
 15737 | Lair:3   | Noticed a death yak
 15739 | Lair:3   | Noticed a death yak
 15739 | Lair:3   | Killed a death yak
 15746 | Lair:3   | Noticed a death yak
 15750 | Lair:3   | Killed a death yak
 15753 | Lair:3   | Killed a death yak
 15754 | Lair:3   | Reached XP level 13. HP: 61/124 MP: 11/12
 16880 | Lair:4   | Reached skill level 16 in Axes
 16926 | Lair:4   | Found a staircase to the Swamp.
 17938 | Lair:5   | Reached skill level 15 in Fighting
 18168 | Lair:5   | Found a gate leading to a gauntlet.
 18177 | Gauntlet | Entered a Gauntlet
 18177 | Gauntlet | Found a transporter.
 18188 | Gauntlet | Found a transporter.
 18212 | Gauntlet | Found a transporter.
 18214 | Gauntlet | Found a large runed translucent door.
 18215 | Gauntlet | Found a large runed translucent door.
 18216 | Gauntlet | Found a large runed translucent door.
 18216 | Gauntlet | Found a large runed translucent door.
 18216 | Gauntlet | Found a runed translucent door.
 18217 | Gauntlet | Found a large runed translucent door.
 18218 | Gauntlet | Found a large runed translucent door.
 18219 | Gauntlet | Found a large runed translucent door.
 18219 | Gauntlet | Found a large runed translucent door.
 18220 | Gauntlet | Found a runed translucent gate.
 18224 | Gauntlet | Noticed a green death
 18237 | Gauntlet | Found a transporter.
 18237 | Gauntlet | Found a runed translucent gate.
 18238 | Gauntlet | Found a runed translucent gate.
 18240 | Gauntlet | Found a large runed translucent door.
 18241 | Gauntlet | Found a large runed translucent door.
 18249 | Gauntlet | Found a runed translucent door.
 18254 | Gauntlet | Found a large runed translucent door.
 18255 | Gauntlet | Found a transporter.
 18267 | Gauntlet | Found a transporter.
 18298 | Gauntlet | Noticed a quicksilver ooze
 18303 | Gauntlet | Found a transporter.
 18303 | Gauntlet | Found a transporter.
 18310 | Gauntlet | Found a transporter.
 18344 | Gauntlet | Found a transporter.
 18344 | Gauntlet | Found a transporter.
 18361 | Gauntlet | Found a large runed translucent door.
 18362 | Gauntlet | Found a large runed translucent door.
 18363 | Gauntlet | Found a large runed translucent door.
 18364 | Gauntlet | Found a large runed translucent door.
 18364 | Gauntlet | Found a runed translucent door.
 18365 | Gauntlet | Found a large runed translucent door.
 18371 | Gauntlet | Found a transporter.
 18452 | Gauntlet | Reached skill level 1 in Long Blades
 18512 | Gauntlet | Identified the ring of Iziob {Ice rElec rPois Will- Int+4}
 18538 | Gauntlet | Killed a green death
 18607 | Gauntlet | Noticed a minotaur
 18618 | Gauntlet | Killed a minotaur
 18619 | Gauntlet | Reached skill level 17 in Axes
 18623 | Gauntlet | Identified the Almanac of the Unholy Frostbite
 18877 | Lair:5   | Received a gift from Trog
 20017 | Lair:6   | Entered Level 6 of the Lair of Beasts
 20019 | Lair:6   | Noticed Sonja
 20073 | Lair:6   | Reached XP level 14. HP: 119/136 MP: 9/13
 20249 | Lair:6   | Noticed Nessos
 20254 | Lair:6   | Killed Nessos
 20865 | Lair:6   | Killed Sonja
 21024 | Lair:6   | Found a runed translucent door.
 21024 | Lair:6   | Found a viscous altar of Jiyva.
 21028 | Lair:6   | Found a staircase to the Slime Pits.
 21209 | Lair:6   | Found a large runed translucent door.
 21210 | Lair:6   | Found a large runed translucent door.
 22136 | Lair:6   | Identified 2 scrolls of acquirement
 22139 | Lair:6   | Acquired the +6 executioner's axe "Dragon's Doom" {drain,
                  | *Slow Fly rF+ Will++}
 22354 | Orc:1    | Entered Level 1 of the Orcish Mines
 22361 | Orc:1    | Noticed an orc warlord
 22373 | Orc:1    | HP: 5/198 [orc sorcerer/bolt of negative energy (25)]
 22374 | Orc:1    | HP: 2/198 [orc/+3 trident of protection (4)]
 22375 | Orc:1    | Slain by an orc warlord

Illustrated notes

Levels and vault maps discovered:
D:1:      lemuel_arrival_room, layout_loops_ring, minivault_26
D:2:      layout_basic
D:3:      layout_loops_cross, minmay_misc_feat_plants, st_stairs_4, minmay_puff
D:4:      cheibrodos_fertilizer, layout_basic, fedhas_altar_2,
          chequers_temple_overflow_statue_of_worship,
          grunt_dithmenos_smoke_and_mirrors
D:5:      layout_loops_corners, minmay_temple_entry_from_below_b,
          uniq_blork_the_orc
D:6:      layout_basic, elyvilon_altar_5, uniq_sigmund
D:7:      layout_loops_ring, serial_shops, nicolae_shop_behind_doors, shop
D:8:      layout_loops_ring, general_overflow_altar,
          due_lair_maze_entry_diamond, minmay_misc_feat_square,
          chequers_decorated_corner, minmay_misc_feat_doors, minivault_24,
          grunt_decor_cap, uniq_erica
D:9:      layout_gridville, zin_academy, serial_shops, shop, uniq_psyche
D:10:     layout_basic, kennysheep_mini_moat, orc_0_dummy, serial_bayou_pond_e,
          kennysheep_donut, minmay_misc_feat_iff, jiyva_altar_1
D:11:     layout_stronghold, minmay_crystal_room, nicolae_uskayaw_en_pointe
D:12:     layout_cave_pools, portal_ice_cave_entry_pillars_2, grunt_ogre_cave
Lair:1:   layout_cave_pods
Lair:2:   layout_regular_city, spider_nest_entry_rubble,
          maelrawn_ghost_gauntlet_escape, lemuel_oklob_altar,
          serial_bayou_shore_a
Lair:3:   layout_cave_pods
Lair:4:   layout_cave_pods, swamp_mist_pool, cheibrodos_lair_reptile_den
Lair:5:   layout_cave_pods, gauntlet_entry_generic
Lair:6:   cheibrodos_lair_end_hotspot, layout_gridlike, slime_altar_2,
          chequers_serial_rivers_large_a, uniq_nessos, uniq_sonja
Orc:1:    layout_diamond_mine, serial_shops, shop, basic_altar

Skill      XL: |  1  2  3  4  5  6  7  8  9 10 11 12 13 14 |
---------------+-------------------------------------------+-----
Fighting       | 4 5 6 7 9 10 12 14 15 16 | 16.4
Axes           | 4 5 6 7 8 10 12 14 15 17 | 17.6
Armour         | 3 4 6 8 10 11 12 13 14 | 14.0
Dodging        | 3 4 5 6 7 8 |  8.8
Evocations     | 2 |  2.3
Long Blades    | 1 |  1.4

Action                   |  1- 3 |  4- 6 |  7- 9 | 10-12 | 13-15 || total
-------------------------+-------+-------+-------+-------+-------++-------
Melee: Hand axe          |   107 |    58 |     4 |       |       ||   169
       Headbutt          |    14 |    16 |     8 |    41 |    48 ||   127
       War axe           |       |       |    21 |       |       ||    21
       Battleaxe         |       |       |    27 |   173 |   192 ||   392
       Scimitar          |       |       |       |       |     7 ||     7
       Executioner's axe |       |       |       |       |    12 ||    12
Invok: Berserk           |       |     3 |     1 |     5 |     8 ||    17
       Trog's Hand       |       |       |       |     2 |     1 ||     3
Evoke: Wand              |       |       |       |     9 |     1 ||    10
       Phantom mirror    |       |       |       |       |     1 ||     1
  Use: Scroll            |     3 |     2 |    12 |     7 |     5 ||    29
       Potion            |       |       |       |     2 |     1 ||     3
Armor: Animal skin       |    25 |       |       |       |       ||    25
       Scale mail        |     2 |    17 |       |       |       ||    19
       Leather armour    |       |     2 |    38 |    44 |    82 ||   166
       Skin              |       |       |       |     1 |       ||     1
Dodge: Dodged            |    72 |    39 |    57 |   119 |   155 ||   442
       Rpst.: Scimitar   |       |       |       |       |     1 ||     1

Table legend: (Time is in decaauts)
 A = Elapsed time spent in this place.
 B = Non-inter-level travel time spent in this place.
 C = Inter-level travel time spent in this place.
 D = Time resting spent in this place.
 E = Time spent auto-exploring this place.
 F = Levels seen in this place.
 G = Mean time per level.
                   A        B        C        D        E       F      G
               +--------+--------+--------+--------+--------+-----+--------+
         Total |  22549 |  20883 |   1666 |   1041 |  17630 |  21 | 1073.8 |
       Dungeon |  13307 |  11948 |   1359 |    200 |  10543 |  12 | 1108.9 |
          Lair |   8188 |   7881 |    307 |    520 |   6615 |   6 | 1364.7 |
  Orcish Mines |     18 |     18 |      0 |      0 |      0 |   1 |   18.0 |
      Ice Cave |    374 |    374 |      0 |    286 |      0 |   1 |  374.0 |
      Gauntlet |    659 |    659 |      0 |     34 |    471 |   1 |  659.0 |
               +--------+--------+--------+--------+--------+-----+--------+

Top non-repeatable levels by time:
     D:4: 2130 daAuts
  Lair:6: 1994 daAuts
  Lair:5: 1731 daAuts
  Lair:2: 1622 daAuts
     D:2: 1520 daAuts
     D:1: 1337 daAuts
     D:8: 1175 daAuts
  Lair:4: 1065 daAuts
     D:6: 990 daAuts
     D:3: 975 daAuts
    D:10: 929 daAuts
     D:5: 926 daAuts
     D:7: 912 daAuts
  Lair:1: 910 daAuts
  Lair:3: 863 daAuts
